 Dungeon Crawl Stone Soup version 0.29.1-2-gbd0b4ee654 (webtiles) character file.

Game seed: 15421130733003995014

591 Hadkhar the Magician (level 7, -5/50 HPs)
             Began as a Djinni Air Elementalist on Oct 28, 2022.
             Slain by an ogre
             ... wielding a +0 giant club
              (18 damage)
             ... on level 5 of the Dungeon.
             The game lasted 00:33:05 (5410 turns).

Hadkhar the Magician (Djinni Air Elementalist)      Turns: 5410, Time: 00:33:06

Health: -5/50      AC:  3    Str:  7    XL:     7   Next: 66%
Gold:   150        EV: 12    Int: 18    God:
                   SH:  0    Dex: 14

rFire   + + .      SeeInvis .   l - +1 sling (freeze)
rCold   x . .      Faith    .   f - orb {light}
rNeg    . . .      Spirit   .   a - +0 robe
rPois   ∞          Reflect  .   n - +0 helmet
rElec   .          Harm     .   (no cloak)
rCorr   .          Rampage  .   (no gloves)
Will    .....                   (boots unavailable)
Stlth   +.........              (no amulet)
HPRegen 0.16/turn               m - +4 ring of slaying
MPRegen 0.00/turn               (no ring)

@: swift (expiring), flying, glowing, very quick
A: sickness immunity, fire resistance 2, cold vulnerability 1, float, innate
caster, HP casting, extra vitality 1
a: no special abilities


You were on level 5 of the Dungeon.
You visited 1 branch of the dungeon, and saw 5 of its levels.

You collected 150 gold pieces.

Inventory:

Hand Weapons
 g - a +1 hand axe of venom
 k - a +0 dagger of holy wrath
 l - a +1 sling of freezing (weapon)
Missiles
 t - 6 boomerangs of dispersal
Armour
 a - a +0 robe (worn)
 f - an orb of light (worn)
 n - a +0 helmet (worn)
 s - a +3 scale mail
Jewellery
 m - a +4 ring of slaying (left hand)
Scrolls
 b - 2 scrolls of blinking {unknown}
 c - 2 scrolls of identify {unknown}
 e - 3 scrolls of noise {unknown}
 i - a scroll of poison {unknown}
 o - a scroll of fear {unknown}
 v - a scroll of immolation
 x - a scroll of enchant armour {unknown}
 y - a scroll of magic mapping {unknown}
Potions
 d - 2 potions of haste
 h - a potion of degeneration {unknown}
 j - a potion of ambrosia {unknown}
 p - 2 potions of attraction {unknown}
 q - a potion of curing {unknown}
 r - a potion of lignification {unknown}
 u - a potion of heal wounds {unknown}
 w - 2 potions of resistance {unknown}
 z - a potion of brilliance {unknown}


   Skills:
 + Level 3.5 Fighting
 - Level 2.1 Dodging
 + Level 3.7 Stealth
 * Level 4.8 Spellcasting


You couldn't memorise any spells.
You knew the following spells:

 Your Spells              Type           Power      Damage    Failure   Level
a - Shock                 Conj/Air       84%        1d8       1%          1
b - Static Discharge      Conj/Air       21%        3-6/arc   2%          2
c - Swiftness             Air            21%        N/A       5%          3
d - Airstrike             Air            10%        2d(2-18)  19%         4
e - Beastly Appendage     Tmut           42%        N/A       1%          1
f - Scorch                Fire           42%        2d7       2%          2
g - Call Canine Familiar  Summ           21%        N/A       5%          3
Your spell library was empty.

Dungeon Overview and Level Annotations

Branches:
Dungeon (5/15)
 Temple: D:4-7

Altars:
Ashenzari

Annotations:
D:4 3 runed translucent doors, barott's ghost, amateur GrFi


Innate Abilities, Weirdness & Mutations

You are immune to sickness and miasma.
You are immune to poison.
Your flesh is very heat resistant. (rF++)
You are vulnerable to cold. (rC-)
You float through the air rather than walking.
You learn spells naturally, not from books.
Your magical power is your life essence.
You have superior vitality. (+4 MHP)


Message History

Press: ? - help, Shift-Dir - straight line, f - gnoll, p - gnoll sergeant
Aim: a gnoll, wielding a +0 whip (77% to hit)
The zap hits the gnoll sergeant.
The gnoll sergeant is moderately wounded.
The zap hits the gnoll.
You kill the gnoll!
The zap hits the gnoll.
The gnoll is moderately wounded.
The gnoll sergeant hits you from afar with a +0 spear.
Casting: Shock (safe; 1% risk of failure)
Confirm with . or Enter, or press ? or * to list all spells.
Aiming: Shock (safe; 1% risk of failure)
Press: ? - help, Shift-Dir - straight line, f/p - gnoll
Aim: a gnoll, wielding a +0 whip (moderately wounded, haloed, 84% to hit)
The zap misses the gnoll sergeant.
The zap hits the gnoll.
The gnoll is heavily wounded.
The gnoll sergeant hits you from afar with a +0 spear!
Unknown command.
Casting: Shock (safe; 1% risk of failure)
Confirm with . or Enter, or press ? or * to list all spells.
Aiming: Shock (safe; 1% risk of failure)
Press: ? - help, Shift-Dir - straight line, f/p - gnoll
Aim: a gnoll, wielding a +0 whip (heavily wounded, haloed, 84% to hit)
Okay, then.
An ogre comes into view. It is wielding a +0 giant club.
The ogre shouts!
Things that are here:
a +0 short sword; a +0 robe; the orc corpse of Blork the orc
There is an open door here.
Casting: Shock (safe; 1% risk of failure)
Confirm with . or Enter, or press ? or * to list all spells.
You feel quick. The gnoll sergeant barely misses you. The ogre misses you.
The ogre hits you but does no damage.
There is a stone staircase leading up here.
You start to feel a little slower.
The gnoll sergeant hits you from afar with a +0 spear.
* * * LOW HITPOINT WARNING * * *
The ogre hits you with a +0 giant club!!
You die...

#. #.# #.. #.# ...
##'## #.# ##...##
#.# ##.....## ##.##
##.......##
##...####...).....#
#......)'..g..@...+
##...####...gO....#
##.## ##.......##
#.# ##.....## #.#
##...## #g# ##+##
#.# #)# #)#


You could see an ogre, a gnoll sergeant and a gnoll.

Vanquished Creatures
  An ogre (D:4)
  Blork the orc (D:5)
  2 hounds (D:4)
  An iguana (D:4)
  Terence (D:3)
  Natasha (thrice) (D:3)
  2 orc wizards
  Robin (D:2)
  7 gnolls
  3 adders
  A worm (D:2)
  9 orcs
  7 endoplasms
  2 giant cockroaches
  10 goblins
  7 hobgoblins
  4 quokkas
  6 ball pythons
  3 bats
  A frilled lizard (D:1)
  5 kobolds
  4 rats
81 creatures vanquished.

Vanquished Creatures (collateral kills)
  2 gnolls (D:4)
2 creatures vanquished.

Grand Total: 83 creatures vanquished

Notes
Turn   | Place    | Note
-------+----------+-------------------------------------------
     0 | D:1      | Hadkhar the Djinni Air Elementalist began the quest for the
                  | Orb.
     0 | D:1      | Hadkhar set off with the following spells memorised: Shock,
                  | Static Discharge, Swiftness, Airstrike.
     0 | D:1      | Reached XP level 1. HP: 15/15 MP: 0/0
   437 | D:1      | Reached XP level 2. HP: 20/22 MP: 0/0
  1718 | D:2      | Reached skill level 1 in Fighting
  1718 | D:2      | Reached XP level 3. HP: 17/27 MP: 0/0
  1718 | D:2      | Learned a level 1 spell: Beastly Appendage
  1863 | D:2      | Noticed Robin
  1896 | D:2      | Killed Robin
  1897 | D:2      | Reached skill level 3 in Spellcasting
  2231 | D:2      | Reached XP level 4. HP: 28/32 MP: 0/0
  2780 | D:3      | Noticed Terence
  2782 | D:3      | Killed Terence
  2783 | D:3      | Reached XP level 5. HP: 38/38 MP: 0/0
  2783 | D:3      | Learned a level 2 spell: Scorch
  3172 | D:3      | Noticed Natasha
  3173 | D:3      | Found a faded altar of an unknown god.
  3177 | D:3      | Killed Natasha
  3269 | D:3      | Noticed Natasha
  3275 | D:3      | Killed Natasha
  3553 | D:3      | Noticed Natasha
  3557 | D:3      | Killed Natasha
  3558 | D:3      | Reached XP level 6. HP: 45/45 MP: 0/0
  3684 | D:4      | Reached skill level 4 in Spellcasting
  3986 | D:4      | Noticed an ogre
  3992 | D:4      | Killed an ogre
  4276 | D:4      | Reached XP level 7. HP: 50/50 MP: 0/0
  4276 | D:4      | Learned a level 3 spell: Call Canine Familiar
  4715 | D:4      | Found a runed translucent gate.
  4716 | D:4      | Found a runed translucent gate.
  4717 | D:4      | Noticed barott's ghost (amateur GrFi)
  4718 | D:4      | Found a runed translucent gate.
  4984 | D:4      | Found a broken altar of Ashenzari.
  5296 | D:5      | Entered Level 5 of the Dungeon
  5303 | D:5      | Noticed Blork the orc
  5308 | D:5      | Killed Blork the orc
  5410 | D:5      | Slain by an ogre

Illustrated notes

Levels and vault maps discovered:
D:1:      minmay_arrival_five_plusses, layout_loops_corners, minmay_fountain_box
D:2:      layout_basic, uniq_robin
D:3:      layout_rooms, serial_rivers, chequers_serial_rivers_marsh,
          chequers_serial_rivers_marsh, chequers_serial_rivers_large_a,
          chequers_serial_rivers_small_3, chequers_serial_rivers_large_b,
          chequers_serial_rivers_small_a, hellmonk_ecumenical_altar_blasted,
          uniq_terence, uniq_natasha
D:4:      layout_layer_cave, nicolae_overflow_crystal_walls,
          gammafunk_ghost_nasty_kobolds
D:5:      layout_loops_corners, pdpol_wu_jian_five_deadly_venoms,
          mainiacjoe_overflow_catwalk_spiral, serial_shops, nicolae_shop_stone,
          uniq_blork_the_orc

Skill      XL: |  1  2  3  4  5  6 |
---------------+-------------------+-----
Fighting       | 1 2 3 |  3.5
Stealth        | 2 3 |  3.7
Spellcasting   | 3 4 |  4.8
Dodging        | |  2.1

Action                   |  1- 3 |  4- 6 |  7- 9 || total
-------------------------+-------+-------+-------++-------
Melee: Whip              |    31 |       |       ||    31
       Short sword       |    18 |       |       ||    18
 Fire: Sling             |     2 |    51 |    38 ||    91
 Cast: Shock             |    31 |     5 |     2 ||    38
       Static Discharge  |       |     8 |     2 ||    10
       Swiftness         |       |       |     1 ||     1
       Call Canine Famil |       |       |     1 ||     1
Armor: Robe              |    18 |     1 |     2 ||    21
Dodge: Dodged            |    60 |     7 |     7 ||    74
